 Dungeon Crawl Stone Soup version 0.20.0 (webtiles) character file.

126 FakerFangirl the Cudgeler (level 4, -3/38 HPs)
             Began as a Draconian Fighter on May 26, 2017.
             Slain by an orc wizard
             ... wielding a +0 dagger
              (6 damage)
             ... on level 3 of the Dungeon.
             The game lasted 00:02:58 (2930 turns).

FakerFangirl the Cudgeler (Draconian Fighter)       Turns: 2930, Time: 00:02:58

Health: -3/38      AC:  5    Str: 18    XL:     4   Next: 84%
Magic:  4/4        EV: 10    Int:  8    God:
Gold:   118        SH:  9    Dex: 12    Spells: 3/3 levels left

rFire    . . .     SeeInvis .   Y - +1 flail
rCold    . . .     Gourm    .   b - +0 shield
rNeg     . . .     Faith    +   (armour unavailable)
rPois    .         Spirit   .   (helmet restricted)
rElec    .         Reflect  .   (no cloak)
rCorr    .         Harm     .   (no gloves)
MR       .....                  (no boots)
Stlth    +.........             i - amulet of faith
Regen    0.2/turn               (no ring)
MPRegen  0.1/turn               (no ring)

@: no status effects
A: unfitting armour, cold-blooded, AC +5
a: no special abilities


You were on level 3 of the Dungeon.
You were not hungry.

You visited 1 branch of the dungeon, and saw 3 of its levels.

You collected 118 gold pieces.


Innate Abilities, Weirdness & Mutations

Your plain brown scales are hard. (AC +5)
You cannot fit into any form of body armour.
You are cold-blooded and may be slowed by cold attacks.


   Skills:
 - Level 3.2 Fighting
 + Level 5.1 Maces & Flails
 - Level 2.6 Dodging
 - Level 3.0 Shields


You had 3 spell levels left.
You didn't know any spells.

Inventory:

Hand Weapons
 Y - a +1 flail (weapon)
Armour
 b - a +0 shield (worn)
Jewellery
 i - an amulet of faith (around neck)
 p - an uncursed amulet of rage {unknown}
Scrolls
 a - a scroll of remove curse
 e - a scroll of immolation {unknown}
 f - 2 scrolls of identify
Potions
 c - a potion of might
 j - a potion of heal wounds {unknown}
 k - a potion of agility {unknown}
 m - a potion of haste {unknown}
 o - a potion of curing {unknown}
Comestibles
 d - 3 bread rations
 g - 2 chunks of flesh
 l - a royal jelly

Dungeon Overview and Level Annotations

Branches:
Dungeon (3/15)

Altars:
Ru
Vehumet

Annotations:
D:3 Placid's ghost, weakling DrWn


Message History

You hit the orc. You tail-slap the orc.
You kill the orc!
Something hits you. Placid's ghost hits you.
You hear some strange, mumbled words.
Something tries to affect you, but you resist.
Items here: %% )) [ a club; a hand axe; a scale mail; an orc corpse x2
You barely miss Placid's ghost. Placid's ghost hits you! Something hits you.
Placid's ghost hits you.
You closely miss Placid's ghost. Something hits you.
You block Placid's ghost's attack.
Your shield prevents you from hitting Placid's ghost.
You hear some strange, mumbled words.
Something tries to affect you, but you resist.
Placid's ghost hits you! Something hits you but does no damage.
You closely miss Placid's ghost. You tail-slap Placid's ghost.
Placid's ghost is lightly damaged.
Placid's ghost misses you. Something hits you.
You die...

##.# #########
#.# #.......#
#.###.#.#.#.#
#.##........# ##
#.##..#.#.#.# ...
#...........#
##..
#..#..#.#.#.#
###...
...)<#......{.#
...#.
#......#######@##
###... ........#
#W# ....#.
........#
#....oo..# #...
.........
#..###.#.# #.#.
##...##.# #.>.
#... .... #####..
###... #.......
.... #.#####.
#...# #.# #.


You could see Placid's ghost.

Vanquished Creatures
  5 adders
  An ooze (D:1)
  2 worms (D:2)
  A dart slug (D:3)
  A leopard gecko (D:1)
  4 orcs (D:3)
  6 bats
  4 giant cockroaches
  7 goblins
  8 hobgoblins
  4 jackals
  5 frilled lizards
  6 kobolds
  10 rats
64 creatures vanquished.

Notes
Turn   | Place    | Note
-------+----------+-------------------------------------------
     0 | D:1      | FakerFangirl the Draconian Fighter began the quest for the Orb.
     0 | D:1      | Reached XP level 1. HP: 19/19 MP: 1/1
     0 | D:1      | 0 ||| counter = 55
   330 | D:1      | Reached XP level 2. HP: 26/26 MP: 2/2
   388 | D:1      | Reached skill level 3 in Maces & Flails
   822 | D:1      | Reached XP level 3. HP: 31/31 MP: 3/3
  1300 | D:1      | 1300 ||| READING scroll labeled SASKEO BYARRE.
  1301 | D:1      | 1301 ||| READING scroll labeled ASUCI CETOSS.
  1302 | D:1      | 1302 ||| READING scroll labeled ZEIKAB UREECU.
  1303 | D:1      | 1303 ||| READING scroll labeled PEJ QIMERAW.
  1304 | D:1      | 1304 ||| READING scroll labeled QEDDUVU CUDAI.
  1359 | D:2      | 1359 ||| STAIRDANCE
  1604 | D:2      | Reached skill level 4 in Maces & Flails
  1729 | D:2      | Found a radiant altar of Vehumet.
  2034 | D:2      | Reached XP level 4. HP: 18/38 MP: 4/4
  2168 | D:2      | 2168 ||| EATING royal jelly.
  2360 | D:2      | 2360 ||| READING scroll labeled KIHOUNW XAGE.
  2361 | D:2      | 2361 ||| READING scroll of identify.
  2361 | D:2      | 2361 ||| IDENTIFYING thin emerald amulet
  2362 | D:2      | 2362 ||| UPGRADING to amulet of faith.
  2402 | D:3      | 2402 ||| STAIRDANCE
  2412 | D:3      | Found a faded altar of an unknown god.
  2456 | D:3      | Found a sacrificial altar of Ru.
  2773 | D:3      | Reached skill level 5 in Maces & Flails
  2922 | D:3      | Noticed Placid's ghost (weakling DrWn)
  2929 | D:3      | HP: 3/38 [Placid's ghost (7)]
  2930 | D:3      | Slain by an orc wizard

Vault maps used:
D:1:      dpeg_cavernosity, minmay_tromino_mix6
D:2:      old_standard_altar
D:3:      old_standard_altar, zin_statuary, serial_glass, glass_columns_a,
          glass_columns_a, glass_columns_b, glass_columns_b, glass_columns_c,
          glass_columns_b, chequers_ecumenical_altar_simple_redux

Skill      XL: |  1  2  3  4 |
---------------+-------------+-----
Maces & Flails | 3 4 5 |  5.1
Fighting       | |  3.2
Dodging        | |  2.6
Shields        | |  3.0

Action                   |  1- 3 |  4- 6 || total
-------------------------+-------+-------++-------
Melee: Flail             |   139 |    66 ||   205
       Tailslap          |    18 |    13 ||    31
  Use: Scroll            |     5 |     2 ||     7
  Eat: Chunk             |     3 |     2 ||     5
       Royal jelly       |       |     1 ||     1
Armor: Skin              |    34 |    18 ||    52
Dodge: Dodged            |    41 |    21 ||    62
Block: Shield            |    43 |    24 ||    67
